 Dungeon Crawl Stone Soup version 0.23-a0-639-ga9a3373 (console) character file.

143 Duffy the Firebug (level 5, 36/36 HPs)
             Began as a Demonspawn Fire Elementalist on Dec 29, 2018.
             Quit the game on level 3 of the Dungeon.
             The game lasted 00:02:36 (2440 turns).

Duffy the Firebug (Demonspawn Fire Elementalist)    Turns: 2440, Time: 00:02:37

Health: 36/36      AC:  3    Str:  8    XL:     5   Next: 4%
Magic:  6/9        EV: 12    Int: 17    God:
Gold:   121        SH:  0    Dex: 14    Spells: 2/10 levels left

rFire    . . .     SeeInvis .   (no weapon)
rCold    . . .     Gourm    .   (no shield)
rNeg     . . .     Faith    .   a - +0 robe
rPois    .         Spirit   .   (no helmet)
rElec    .         Reflect  .   (no cloak)
rCorr    .         Harm     .   (no gloves)
MR       .....                  (no boots)
Stlth    ++........             (no amulet)
HPRegen  0.12/turn              j - ring of wizardry
MPRegen  0.11/turn              (no ring)

@: no status effects
A: rugged brown scales 1, powered by pain 1
a: no special abilities


You were on level 3 of the Dungeon.
You were not hungry.

You visited 1 branch of the dungeon, and saw 3 of its levels.

You collected 121 gold pieces.

Inventory:

Armour
 a - a +0 robe (worn)
Jewellery
 j - a ring of wizardry (left hand)
Scrolls
 b - a scroll of enchant weapon {unknown}
 e - a scroll of enchant armour {unknown}
 f - 4 scrolls of remove curse {unknown}
 g - a scroll of amnesia {unknown}
 h - a scroll of teleportation {unknown}
 l - 4 scrolls of identify {unknown}
 m - a scroll of fear {unknown}
Potions
 d - a potion of heal wounds {unknown}
 i - 2 potions of haste {unknown}
 k - 2 potions of lignification {unknown}
 n - a potion of cancellation {unknown}
 o - 2 potions of flight {unknown}
Comestibles
 c - 3 rations
 p - a chunk of flesh


   Skills:
 - Level 1.7 Dodging
 - Level 1.7 Stealth
 + Level 3.2 Spellcasting
 + Level 2.9 Conjurations
 + Level 3.7 Fire Magic


You had 2 spell levels left.
You knew the following spells:

 Your Spells              Type           Power        Failure   Level  Hunger
h - Flame Tongue          Conj/Fire      ##...        1%          1    None
j - Sticky Flame          Conj/Fire      ##......     17%         4    ####...
l - Conjure Flame         Conj/Fire      ##......     5%          3    ###....

Your spell library contained the following spells:

 Spells                   Type           Power        Failure   Level  Hunger
 Throw Flame              Conj/Fire      ##....       2%          2    ##.....
 Inner Flame              Hex/Fire       #.......     10%         3    ###....
 Fireball                 Conj/Fire      ##........   43%         5    ######.


Dungeon Overview and Level Annotations

Branches:
Dungeon (3/15)

Altars:


Innate Abilities, Weirdness & Mutations

You are partially covered in rugged brown scales. (AC +1, +3% HP)
You sometimes gain a little power by taking damage.


Message History

You can't see any susceptible monsters within range! (Use Z to cast anyway.)
Casting: Flame Tongue (safe; 1% risk of failure)
Confirm with . or Enter, or press ? or * to list all spells.
Aiming: Flame Tongue (safe; 1% risk of failure)
Press: ? - help, Shift-Dir - straight line, f - adder
Aim: an adder (resting)
The flame tongue hits the adder.
The adder is severely wounded.
The adder hisses angrily.
Casting: Flame Tongue (safe; 1% risk of failure)
Confirm with . or Enter, or press ? or * to list all spells.
Aiming: Flame Tongue (safe; 1% risk of failure)
Press: ? - help, Shift-Dir - straight line, f/p - adder
Aim: an adder (severely wounded)
The flame tongue hits the adder.
You kill the adder!
You have reached level 5!
Your demonic ancestry asserts itself...
You feel energised by your suffering.
Are you sure you want to abandon this character and quit the game? (Confirm

#### ........
...............
#..#.....#####.
#..#...#.# ##. ##
.......#.# #.. ..
#.....)..# ##..
#.#####.##..##.# #...
####.......##.....###...
.....%.@.#.###..........
####.###...###..#####.##
##.......# #...#
#######.# ...#.. #.##.#.
.# #...... ## #### ##


There were no monsters in sight!

Vanquished Creatures
  A bullfrog (D:3)
  3 adders
  4 worms
  A dart slug (D:1)
  A leopard gecko (D:2)
  A ball python (D:1)
  4 bats
  8 goblins
  4 hobgoblins
  4 jackals (D:2)
  2 kobolds
  5 frilled lizards
  4 rats
42 creatures vanquished.

Notes
Turn   | Place    | Note
-------+----------+-------------------------------------------
     0 | D:1      | Duffy the Demonspawn Fire Elementalist began the quest for
                  | the Orb.
     0 | D:1      | Reached XP level 1. HP: 13/13 MP: 3/3
   172 | D:1      | Gained mutation: You are partially covered in rugged brown
                  | scales. (AC +1, +3% HP) [demonic ancestry]
   172 | D:1      | Reached XP level 2. HP: 13/19 MP: 1/5
  1284 | D:2      | Reached XP level 3. HP: 24/24 MP: 3/6
  1289 | D:2      | Learned a level 3 spell: Conjure Flame
  2104 | D:3      | Reached XP level 4. HP: 25/30 MP: 0/8
  2200 | D:3      | Learned a level 4 spell: Sticky Flame
  2303 | D:3      | Noticed a bullfrog
  2310 | D:3      | Killed a bullfrog
  2439 | D:3      | Gained mutation: You sometimes gain a little power by
                  | taking damage. [demonic ancestry]
  2439 | D:3      | Reached XP level 5. HP: 36/36 MP: 6/9
  2440 | D:3      | Quit the game

Vault maps used:
D:1:      dpeg_arrival_round_b
D:2:      hangedman_abyss_or_decor_lesser_grid
D:3:      cheibrodos_old_hovel, led_sif_pool

Skill      XL: |  1  2  3  4 |
---------------+-------------+-----
Fire Magic     | 3 |  3.7
Conjurations   | 2 |  2.9
Spellcasting   | 3 |  3.2
Dodging        | |  1.7
Stealth        | |  1.7

Action                   |  1- 3 |  4- 6 || total
-------------------------+-------+-------++-------
Melee: Unarmed           |    10 |       ||    10
 Cast: Flame Tongue      |    81 |    10 ||    91
       Sticky Flame      |       |     1 ||     1
  Eat: Chunk             |     4 |     1 ||     5
Armor: Robe              |    12 |       ||    12
Dodge: Dodged            |    29 |     3 ||    32

Table legend:
 A = Non-vault XP
 B = Vault XP
 C = Vault XP percentage of total XP
 D = Non-vault monster count
 E = Vault monster count
 F = Vault count percentage of total count
                 A         B        C        D         E       F
            +---------+---------+-------+---------+---------+-------
      Total |     205 |       0 |   0.0 |      42 |       0 |   0.0
            +---------+---------+-------+---------+---------+-------
        D:1 |      31 |       0 |   0.0 |      16 |       0 |   0.0
        D:2 |      60 |       0 |   0.0 |      18 |       0 |   0.0
        D:3 |     114 |       0 |   0.0 |       8 |       0 |   0.0
            +---------+---------+-------+---------+---------+-------
